 Dungeon Crawl Stone Soup version 0.28.0-45-g0d030f2227 (webtiles) character file.

Game seed: 9174507980886532935

231 jimbutter the Chopper (level 5, -4/47 HPs)
             Began as a Minotaur Berserker on Apr 18, 2022.
             Was a Believer of Trog.
             Engulfed by a steam dragon's steam (10 damage)
             ... on level 4 of the Dungeon.
             The game lasted 00:06:07 (3345 turns).

jimbutter the Chopper (Minotaur Berserker)          Turns: 3345, Time: 00:06:07

Health: -4/47      AC:  8    Str: 24    XL:     5   Next: 73%
Magic:  4/4        EV:  9    Int:  4    God:    Trog [**....]
Gold:   100        SH:  0    Dex:  9    Spells: 4/4 levels left

rFire   . . .      SeeInvis .   v - +0 war axe
rCold   . . .      Faith    .   (no shield)
rNeg    . . .      Spirit   .   n - +0 chain mail
rPois   .          Reflect  .   (helmet restricted)
rElec   .          Harm     .   (no cloak)
rCorr   .          Rampage  .   (no gloves)
Will    ++...                   (no boots)
Stlth   ..........              (no amulet)
HPRegen 1.15/turn               (no ring)
MPRegen 0.09/turn               (no ring)

@: mighty, strong-willed, regenerating
A: horns 2, retaliatory headbutt
a: Renounce Religion, Berserk, Trog's Hand


You were on level 4 of the Dungeon.
You worshipped Trog.
Trog was pleased with you.
You visited 1 branch of the dungeon, and saw 4 of its levels.

You collected 100 gold pieces.

Inventory:

Hand Weapons
 v - a +0 war axe (weapon)
Missiles
 b - 119 stones (quivered)
 t - 16 sling bullets
Armour
 n - a +0 chain mail (worn)
 w - the +2 pair of gloves "Manofysm" {rN+ Regen+ Int-5 Stlth+}
   (You found it on level 3 of the Dungeon)

   Int:       It affects your intelligence (-5).
   rN:        It protects you from negative energy.
   Regen:     It increases your rate of health regeneration.
   Stlth:     It makes you more stealthy.
Wands
 a - a wand of paralysis (4)
 s - a wand of mindburst (4)
Scrolls
 c - 2 scrolls of fog {unknown}
 d - a scroll of enchant weapon {unknown}
 e - 2 scrolls of identify {unknown}
 f - a scroll of magic mapping {unknown}
 g - a scroll of vulnerability {unknown}
 l - 2 scrolls of blinking {unknown}
 m - a scroll of fear {unknown}
 o - a scroll of amnesia {unknown}
 r - a scroll of enchant armour {unknown}
 u - a scroll of torment {unknown}
 x - a scroll of teleportation {unknown}
Potions
 h - a potion of might
 i - a potion of attraction {unknown}
 j - a potion of curing {unknown}
 k - a potion of cancellation {unknown}
 p - a potion of flight {unknown}
 q - a potion of heal wounds {unknown}


   Skills:
 + Level 4.9 Fighting
 * Level 6.1 Axes
 - Level 2.4 Armour
 + Level 3.8 Dodging


You had 4 spell levels left.
You didn't know any spells.
Your spell library was empty.

Dungeon Overview and Level Annotations

Branches:
Dungeon (4/15)
 Temple: D:4-7

Altars:
Kikubaaqudgha
Ru


Innate Abilities, Weirdness & Mutations

You have a pair of horns on your head.
You reflexively headbutt those who attack you in melee.


Message History

The orc barely misses you.
An ufetubus comes into view.
You hit the orc. Your headbutt misses the orc.
The orc is heavily wounded.
You slash the giant cockroach!
You kill the giant cockroach!
Trog accepts your kill.
The orc hits you with a +2 vorpal hand axe. x2
You barely miss the orc.
The orc is heavily wounded.
The orc hits you with a +2 vorpal hand axe.
You hit the orc.
You kill the orc!
Trog accepts your kill.
The kobold drinks a potion.
The kobold seems to grow stronger.
An endoplasm comes into view.
The kobold hits you but does no damage. The steam dragon breathes steam at you.
The ball of steam hits the kobold!
The kobold dies!
The ball of steam hits you!!
A ball python comes into view.
You see here an iguana skeleton.
You are engulfed in a cloud of scalding steam.
* * * LOW HITPOINT WARNING * * *
The ufetubus hits you.
* * * LOW HITPOINT WARNING * * *
The ufetubus hits you.
* * * LOW HITPOINT WARNING * * *
Really walk into that cloud of steam?
Okay, then.
Your skin crawls.
You feel strong-willed.
The ufetubus is engulfed in a cloud of scalding steam.
The ufetubus barely misses you. You furiously retaliate!
You headbutt the ufetubus. The ufetubus misses you.
Okay, then.
You feel very mighty all of a sudden.
You are engulfed in a cloud of scalding steam.
You die...

B##.......
.....#...#
.......##
#.#)J....##
#.........#
#.....##
##......###
#..)§D5§§.##
..##....§§@§§.###
#...S....§.§.§..##
##.......§§§.§...##
##...............#
##............###
######....####
######


You could see a steam dragon, an ufetubus, an endoplasm and a ball python.

Vanquished Creatures
  A phantom (D:4)
  An orc priest (D:3)
  An iguana (D:4)
  5 adders
  A worm (D:3)
  A dart slug (D:1)
  3 orcs
  8 endoplasms
  3 giant cockroaches
  5 hobgoblins
  2 jackals (D:1)
  4 kobolds
  A quokka (D:2)
  5 ball pythons
  5 bats
  A frilled lizard (D:2)
  A goblin (D:1)
  6 rats
54 creatures vanquished.

Vanquished Creatures (others)
  A kobold (D:4)
  A fungus (D:3)
  A plant (D:3)
3 creatures vanquished.

Grand Total: 57 creatures vanquished

Notes
Turn   | Place    | Note
-------+----------+-------------------------------------------
     0 | D:1      | jimbutter the Minotaur Berserker began the quest for the
                  | Orb.
     0 | D:1      | Reached XP level 1. HP: 19/19 MP: 0/0
   403 | D:1      | Reached skill level 4 in Axes
   408 | D:1      | Reached XP level 2. HP: 19/27 MP: 1/1
  1414 | D:2      | Reached XP level 3. HP: 33/33 MP: 2/2
  1638 | D:2      | Reached ** piety under Trog
  2028 | D:2      | Reached skill level 5 in Axes
  2028 | D:2      | Reached XP level 4. HP: 40/40 MP: 3/3
  2033 | D:2      | Found a faded altar of an unknown god.
  2464 | D:3      | Found an ancient bone altar of Kikubaaqudgha.
  2795 | D:3      | Identified the +2 pair of gloves "Manofysm" {rN+ Regen+
                  | Int-5 Stlth+}
  2890 | D:3      | Found a sacrificial altar of Ru.
  3127 | D:4      | Noticed a phantom
  3144 | D:4      | Reached XP level 5. HP: 41/47 MP: 4/4
  3144 | D:4      | Killed a phantom
  3145 | D:4      | Reached skill level 6 in Axes
  3211 | D:4      | Noticed a steam dragon
  3345 | D:4      | Engulfed by a steam dragon's steam

Illustrated notes

Levels and vault maps discovered:
D:1:      dpeg_arrival_shrine, layout_loops_ring
D:2:      minmay_general_purpose_star, layout_loops_corners,
          ebering_ecumenical_altar_hall
D:3:      layout_loops_ring, nicolae_ru_the_path_less_chosen,
          mainiacjoe_overflow_tiny_flanked
D:4:      layout_cave_pods, minmay_fractal_squares_5

Skill      XL: |  1  2  3  4  5 |
---------------+----------------+-----
Axes           | 4 5 6 |  6.1
Fighting       | 4 |  4.9
Dodging        | 3 |  3.8
Armour         | |  2.4

Action                   |  1- 3 |  4- 6 || total
-------------------------+-------+-------++-------
Melee: Hand axe          |    93 |    27 ||   120
       Headbutt          |    14 |     5 ||    19
       War axe           |       |    15 ||    15
Invok: Berserk           |     2 |     1 ||     3
       Trog's Hand       |       |     3 ||     3
  Use: Potion            |       |     1 ||     1
Armor: Leather armour    |    21 |       ||    21
       Chain mail        |    20 |    15 ||    35
Dodge: Dodged            |    58 |    12 ||    70
